 Dungeon Crawl Stone Soup version 0.26-a0-477-g38aef04 (webtiles) character file.

Game seed: 16593754698569296470

91 smeego the Shield-Bearer (level 4, -2/31 HPs)
             Began as an Octopode Fighter on Aug 1, 2020.
             Slain by a hobgoblin
             ... wielding a +0 club
              (3 damage)
             ... on level 3 of the Dungeon.
             The game lasted 00:02:20 (1743 turns).

smeego the Shield-Bearer (Octopode Fighter)         Turns: 1743, Time: 00:02:21

Health: -2/31      AC:  1    Str: 15    XL:     4   Next: 57%
Magic:  4/4        EV: 12    Int: 10    God:
Gold:   130        SH:  9    Dex: 12    Spells: 3/3 levels left

rFire    . . .     SeeInvis .   a - +0 long sword
rCold    . . .     Faith    .   b - +0 kite shield
rNeg     . . .     Spirit   .   (helmet restricted)
rPois    .         Reflect  .   (no amulet)
rElec    .         Harm     .   (no ring)
rCorr    .                      (no ring)
MR       .....                  (no ring)
Stlth    +++.......             (no ring)
HPRegen  0.10/turn              (no ring)
MPRegen  0.09/turn              (no ring)
                                (no ring)
                                (no ring)

@: stab, hasted, very quick
A: almost no armour, stealthy swim, amphibious, 8 rings, constrict 8, camouflage
1, gelatinous body 1
a: no special abilities


You were on level 3 of the Dungeon.
You visited 1 branch of the dungeon, and saw 3 of its levels.

You collected 130 gold pieces.

Inventory:

Hand Weapons
 a - a +0 long sword (weapon)
Armour
 b - a +0 kite shield (worn)
Jewellery
 l - a cursed -4 ring of evasion {unknown}
Scrolls
 f - a scroll of fear {unknown}
 g - a scroll of random uselessness {unknown}
 h - 2 scrolls of teleportation {unknown}
 i - a scroll of fog {unknown}
 j - a scroll of immolation {unknown}
 p - a scroll of identify {unknown}
 q - a scroll of enchant weapon {unknown}
Potions
 c - 3 potions of might
 e - 2 potions of haste
 m - a potion of resistance {unknown}
 n - a potion of curing {unknown}
 o - a potion of lignification {unknown}


   Skills:
 + Level 3.3 Fighting
 * Level 3.0 Long Blades
 + Level 3.3 Dodging
 + Level 1.9 Stealth
 + Level 3.4 Shields
 + Level 1.0 Unarmed Combat


You had 3 spell levels left.
You didn't know any spells.
Your spell library was empty.

Dungeon Overview and Level Annotations

Branches:
Dungeon (3/15)

Altars:
Cheibriados
Elyvilon
Xom
The Shining One


Innate Abilities, Weirdness & Mutations

You cannot wear most types of armour.
You are very stealthy in the water. (Stealth+)
You are amphibious.
You can wear up to eight rings at the same time.
You can use your tentacles to constrict eight enemies at once.
Your skin changes colour to match your surroundings (Stealth+).
Your rubbery body absorbs attacks. (AC +1, EV +1)


Message History

You hit the jackal.
You kill the jackal!
You block the hobgoblin's attack.
The orc wizard hits you with a +0 dagger.
The hobgoblin hits you with a +0 club.
The orc wizard hits you with a +0 dagger.
You barely miss the orc wizard. Your grab misses the orc wizard.
Your squeeze misses the orc wizard. The orc wizard casts a spell at you.
The puff of frost hits you!
* * * LOW HITPOINT WARNING * * *
The hobgoblin hits you but does no damage.
The orc wizard hits you but does no damage.
It was a potion of haste.
You feel yourself speed up. You block the orc wizard's attack.
The hobgoblin barely misses you.
It was a potion of stabbing.
You feel ready to backstab.
It was a potion of magic.
Magic courses through your body. The hobgoblin hits you with a +0 club.
You die...

############ #..........#
#..........# ####
#....)..รท..# ##...#####
#........<.# .........#
###.....<....#
#.......#####............##
#.......og@...#...........#
#.....#..######...........#
#.....#...)ooo#.>.#.#####.#
##.#(...####o.#.###.# .# #
#....# #.#......# .# #...##
#.o)...#### #... ..o....##
................
........o#....####


You could see an orc wizard (fast) and a hobgoblin.

Vanquished Creatures
  2 adders (D:3)
  An ooze (D:1)
  3 dart slugs (D:3)
  4 leopard geckos
  An orc (D:3)
  A bat (D:1)
  4 giant cockroaches
  3 hobgoblins
  7 jackals
  7 kobolds
  A quokka (D:2)
  2 ball pythons
  3 frilled lizards
  6 goblins
  9 rats
54 creatures vanquished.

Notes
Turn   | Place    | Note
-------+----------+-------------------------------------------
     0 | D:1      | smeego the Octopode Fighter began the quest for the Orb.
     0 | D:1      | Reached XP level 1. HP: 16/16 MP: 1/1
   113 | D:1      | Reached XP level 2. HP: 21/21 MP: 2/2
   397 | D:1      | Found a hide-covered altar of Uskayaw.
   519 | D:1      | Reached XP level 3. HP: 26/26 MP: 3/3
   820 | D:1      | Found a shimmering altar of Xom.
   820 | D:1      | Found a shimmering altar of Xom.
   822 | D:1      | Found a shimmering altar of Xom.
   822 | D:1      | Found a snail-covered altar of Cheibriados.
   822 | D:1      | Found a white marble altar of Elyvilon.
   824 | D:1      | Reached skill level 1 in Stealth
  1455 | D:2      | Found a glowing golden altar of the Shining One.
  1488 | D:3      | Reached skill level 1 in Unarmed Combat
  1488 | D:3      | Reached XP level 4. HP: 24/31 MP: 4/4
  1737 | D:3      | HP: 1/31 [orc wizard/puff of frost (12)]
  1743 | D:3      | Slain by a hobgoblin

Illustrated notes

Levels and vault maps discovered:
D:1:      lightli_arrival_isolated_outpost, layout_loops_ring,
          doesnt_xom_only_xom
D:2:      layout_rooms, tso_altar
D:3:      layout_rooms, cheibrodos_ashenzari_chains, marbit_many_paths,
          uniq_crazy_yiuf_cottage, uniq_grinder, uniq_sigmund

Skill      XL: |  1  2  3  4 |
---------------+-------------+-----
Stealth        | 1 |  1.9
Unarmed Combat | 1 |  1.0
Long Blades    | 3 |  3.0
Fighting       | |  3.3
Dodging        | |  3.3
Shields        | |  3.4

Action                   |  1- 3 |  4- 6 || total
-------------------------+-------+-------++-------
Melee: Long sword        |    69 |    22 ||    91
       Constrict         |    22 |     8 ||    30
       Tentacles         |    14 |     1 ||    15
  Use: Potion            |       |     3 ||     3
 Stab: Sleeping          |     6 |     3 ||     9
Armor: Skin              |     2 |     1 ||     3
Dodge: Dodged            |    31 |     9 ||    40
Block: Kite shield       |    30 |    13 ||    43
       Rpst.: Long sword |    11 |     3 ||    14

Table legend: (Time is in decaauts)
 A = Elapsed time spent in this place.
 B = Non-inter-level travel time spent in this place.
 C = Inter-level travel time spent in this place.
 D = Time resting spent in this place.
 E = Time spent auto-exploring this place.
 F = Levels seen in this place.
 G = Mean time per level.
                   A        B        C        D        E       F      G
               +--------+--------+--------+--------+--------+-----+--------+
         Total |   1773 |   1724 |     49 |    198 |   1215 |   3 |  591.0 |
       Dungeon |   1773 |   1724 |     49 |    198 |   1215 |   3 |  591.0 |
               +--------+--------+--------+--------+--------+-----+--------+

Top non-repeatable levels by time:
     D:1: 902 daAuts
     D:2: 605 daAuts
     D:3: 265 daAuts
